 Dungeon Crawl Stone Soup version 0.24.0-13-gcf9b319 (webtiles) character file.

Game seed: 4692924976921306451, levelgen mode: deterministic

122 Bronimir the Ogre Mage (level 5, -11/46 HPs)
             Began as an Ogre Wizard on Mar 28, 2020.
             Mangled by an ogre
             ... wielding a +0 giant spiked club
              (23 damage)
             ... on level 4 of the Dungeon.
             The game lasted 00:07:11 (3313 turns).

Bronimir the Ogre Mage (Ogre Wizard)                Turns: 3313, Time: 00:07:12

Health: -11/46     AC:  4    Str: 12    XL:     5   Next: 6%
Magic:  0/12       EV: 10    Int: 19    God:
Gold:   143        SH:  0    Dex:  7    Spells: 1/14 levels left

rFire    . . .     SeeInvis .   a - +0 hand axe
rCold    . . .     Gourm    .   (no shield)
rNeg     . . .     Faith    .   h - +0 robe
rPois    .         Spirit   +   b - +0 hat
rElec    .         Reflect  .   i - +0 cloak
rCorr    .         Harm     .   (gloves unavailable)
MR       .....                  (boots unavailable)
Stlth    ..........             l - amulet of guardian spirit
HPRegen  0.15/turn              r - ring of attention (curse)
MPRegen  0.13/turn              (no ring)

@: no status effects
A: large, unfitting armour, tough skin 1
a: no special abilities


You were on level 4 of the Dungeon.
You were not hungry.

You visited 1 branch of the dungeon, and saw 4 of its levels.

You collected 143 gold pieces.

Inventory:

Hand Weapons
 a - a +0 hand axe (weapon)
 q - a +0 mace
 z - a +0 trident
 A - a +1 whip of holy wrath
Missiles
 c - 4 javelins
 j - 34 sling bullets
 k - 27 poisoned darts
 s - 2 throwing nets
 u - 5 large rocks (quivered)
 v - 33 stones
 B - 21 bolts
 E - 36 arrows
Armour
 b - a +0 hat (worn)
 h - a +0 robe (worn)
 i - a +0 cloak (worn)
Jewellery
 l - an amulet of guardian spirit (around neck)
 r - a cursed ring of attention (left hand)
Wands
 y - a wand of polymorph (8)
Scrolls
 e - 3 scrolls of remove curse {unknown}
 f - 3 scrolls of magic mapping {unknown}
 o - 3 scrolls of identify {unknown}
 w - a scroll of teleportation {unknown}
 x - 3 scrolls of blinking {unknown}
 G - a scroll of fear {unknown}
Potions
 g - a potion of curing {unknown}
 m - a potion of invisibility {unknown}
 n - a potion of agility
 p - 3 potions of mutation {unknown}
 t - a potion of brilliance {unknown}
 C - a potion of degeneration {unknown}
 D - a potion of heal wounds {unknown}
Comestibles
 d - 6 rations
 F - a chunk of flesh


   Skills:
 + Level 0.8 Fighting
 + Level 0.6 Maces & Flails
 + Level 1.2 Throwing
 + Level 1.9 Dodging
 - Level 1.4 Stealth
 * Level 5.2 Spellcasting
 * Level 1.9 Conjurations
 + Level 1.0 Summonings
 + Level 0.8 Translocations


You had one spell level left.
You knew the following spells:

 Your Spells              Type           Power        Failure   Level  Hunger
a - Magic Dart            Conj           ##..         5%          1    None
b - Blink                 Tloc           N/A          13%         2    None
c - Call Imp              Summ           #.......     12%         2    None
d - Slow                  Hex            #.......     19%         2    None
e - Mephitic Cloud        Conj/Pois/Air  #.......     28%         3    ##.....
f - Conjure Flame         Conj/Fire      #.......     24%         3    ##.....

Your spell library contained the following spells:

 Spells                   Type           Power        Failure   Level  Hunger


Dungeon Overview and Level Annotations

Branches:
Dungeon (4/15)
 Temple: D:4-7

Altars:
Sif Muna


Innate Abilities, Weirdness & Mutations

You are too large for most types of armour.
You have tough skin. (AC +1)


Message History

Your magical contamination has completely faded away.
You see here a scroll labeled AXUMITT AQELESS.
Casting: Magic Dart (safe; 5% risk of failure)
Confirm with . or Enter, or press ? or * to list all spells.
Aiming: Magic Dart (safe; 5% risk of failure)
Press: ? - help, Shift-Dir - straight line, f/p - ogre
Aim: an ogre, wielding a +0 giant spiked club (almost dead)
The magic dart hits the ogre.
The ogre is almost dead.
The ogre barely misses you.
Casting: Magic Dart (safe; 5% risk of failure)
Confirm with . or Enter, or press ? or * to list all spells.
Aiming: Magic Dart (safe; 5% risk of failure)
Press: ? - help, Shift-Dir - straight line, f/p - ogre
Aim: an ogre, wielding a +0 giant spiked club (almost dead)
The magic dart hits the ogre.
The ogre is almost dead.
The ogre hits you with a +0 giant spiked club!!
Ouch! That really hurt!
You die...

#.# #.# #.# ####a#
#######....#
........##l#
.....#..##.# ######
#### #..##.##.....#
#..##lO@.....#
#..#####..#..# #.<#
###.....##### #..#
#...###.....
#..###.#.#$#.#..#
#........#.#...( #
#.##.#รท....l...#.# #
#.#.....##.##...
###.###...###.#...#.###


You could see an ogre and a frilled lizard.

Vanquished Creatures
  An orc priest (D:3)
  2 adders
  A worm (D:3)
  3 dart slugs
  5 leopard geckos
  2 orcs
  A ball python (D:3)
  2 giant cockroaches
  7 goblins
  5 hobgoblins
  7 kobolds
  A quokka (D:4)
  7 bats
  4 frilled lizards
  6 rats
54 creatures vanquished.

Vanquished Creatures (collateral kills)
  An orc (D:3)
  A hobgoblin (D:3)
  A frilled lizard (D:3)
  2 kobolds (D:3)
5 creatures vanquished.

Grand Total: 59 creatures vanquished

Notes
Turn   | Place    | Note
-------+----------+-------------------------------------------
     0 | D:1      | Bronimir the Ogre Wizard began the quest for the Orb.
     0 | D:1      | Reached XP level 1. HP: 16/16 MP: 5/5
   209 | D:1      | Reached skill level 1 in Conjurations
   354 | D:1      | Reached skill level 4 in Spellcasting
   354 | D:1      | Reached XP level 2. HP: 20/24 MP: 1/7
   358 | D:1      | Learned a level 2 spell: Blink
   361 | D:1      | Learned a level 2 spell: Call Imp
   364 | D:1      | Learned a level 2 spell: Slow
  1281 | D:2      | Reached XP level 3. HP: 31/31 MP: 9/9
  1677 | D:2      | Learned a level 3 spell: Mephitic Cloud
  1932 | D:2      | Found a shimmering blue altar of Sif Muna.
  2023 | D:3      | Reached XP level 4. HP: 38/39 MP: 4/10
  2365 | D:3      | Reached skill level 1 in Throwing
  2655 | D:3      | Reached skill level 5 in Spellcasting
  2787 | D:3      | Reached skill level 1 in Summonings
  2989 | D:3      | Learned a level 3 spell: Conjure Flame
  2995 | D:3      | Reached XP level 5. HP: 45/46 MP: 8/12
  3266 | D:4      | Noticed an ogre
  3313 | D:4      | Mangled by an ogre

Levels and vault maps discovered:
D:1:      psy_arrival_fountain, layout_basic, minmay_box_of_dots
D:2:      layout_loops_ring, marbit_many_paths
D:3:      layout_rooms
D:4:      layout_loops_ring, dancing_weapons_uskayaw, minmay_fractal_squares_5

Skill      XL: |  1  2  3  4 |
---------------+-------------+-----
Conjurations   | 1 |  1.9
Spellcasting   | 4 5 |  5.2
Throwing       | 1 |  1.2
Summonings     | 1 |  1.0
Fighting       | |  0.8
Maces & Flails | |  0.6
Dodging        | |  1.9
Stealth        | |  1.4
Translocations | |  0.8

Action                   |  1- 3 |  4- 6 || total
-------------------------+-------+-------++-------
Melee: Mace              |     6 |       ||     6
       Whip              |    10 |    23 ||    33
       Hand axe          |       |    42 ||    42
Throw: Javelin           |    17 |       ||    17
       Large rock        |    20 |       ||    20
       Dart              |     7 |       ||     7
       Throwing net      |     2 |       ||     2
 Cast: Magic Dart        |    25 |    37 ||    62
       Call Imp          |       |     6 ||     6
       Slow              |       |     1 ||     1
  Use: Potion            |       |     1 ||     1
  Eat: Chunk             |     3 |     4 ||     7
Armor: Robe              |    17 |    28 ||    45
Dodge: Dodged            |    31 |    48 ||    79
